 Dungeon Crawl Stone Soup version 0.20.1-1-g8b1a95d (webtiles) character file.

18 digijack the Scratcher (level 2, 0/12 HPs)
             Began as a Felid Transmuter on Nov 25, 2017.
             Slain by a leopard gecko (4 damage)
             ... on level 1 of the Dungeon on Nov 26, 2017.
             The game lasted 00:05:15 (543 turns).

digijack the Scratcher (Felid Transmuter)            Turns: 543, Time: 00:05:16

Health: 0/12       AC:  1    Str:  6    XL:     2   Next: 48%
Magic:  6/6        EV: 18    Int: 14    God:
Gold:   46         SH:  0    Dex: 16    Spells: 4/5 levels left
                                        Lives:  0   Deaths: 0

rFire    . . .     SeeInvis +     - Unarmed
rCold    . . .     Gourm    .   (shield unavailable)
rNeg     . . .     Faith    .   (armour unavailable)
rPois    .         Spirit   .   (helmet unavailable)
rElec    .         Reflect  .   (cloak unavailable)
rCorr    .         Harm     .   (gloves unavailable)
MR       .....                  (boots unavailable)
Stlth    ++........             (no amulet)
Regen    0.1/turn               (no ring)
MPRegen  0.1/turn               (no ring)

@: quick
A: no armour, no weapons or thrown items, stealth, claws 1, fangs 3, see
invisible, carnivore 3, speed 1, shaggy fur 1, slow metabolism 1, sharp paws
a: no special abilities


You were on level 1 of the Dungeon.
You were very full.

You visited 1 branch of the dungeon, and saw 1 of its levels.

You collected 46 gold pieces.

Inventory:

Books
 a - a book of Changes

   Spells                             Type                      Level
   a - Beastly Appendage              Transmutation                1
   b - Sticks to Snakes               Transmutation                2
   c - Spider Form                    Transmutation/Poison         3
   d - Ice Form                       Ice/Transmutation            4
   e - Blade Hands                    Transmutation                5
Comestibles
 b - a royal jelly
 c - a meat ration


   Skills:
 + Level 1.2 Fighting
 + Level 3.1 Dodging
 + Level 0.4 Stealth
 + Level 3.3 Unarmed Combat
 + Level 2.1 Spellcasting
 + Level 2.4 Transmutations


You had 4 spell levels left.
You knew the following spells:

 Your Spells              Type           Power        Failure   Level  Hunger
a - Beastly Appendage     Tmut           #.....       9%          1    ##.....


Dungeon Overview and Level Annotations

Branches:
Dungeon (1/15)

Altars:


Innate Abilities, Weirdness & Mutations

You cannot wear armour.
You are incapable of wielding weapons or throwing items.
Your paws allow you to move quietly. (Stealth)
You have sharp claws.
You have razor-sharp teeth.
You have supernaturally acute eyesight. (SInv)
You are carnivorous and can eat meat at any time.
You cover ground quickly.
You are covered in fur. (AC +1)
You have a slow metabolism.
Your sharp claws are effective at attacking unaware monsters.


Message History

The leopard gecko hisses angrily.
Found a stone staircase leading down.
Casting: Beastly Appendage
Confirm with . or Enter, or press ? or * to list all spells.
You grow a pair of large bovine horns.
You barely miss the leopard gecko. The leopard gecko bites you.
You scratch the leopard gecko but do no damage.
The leopard gecko bites you but does no damage.
The leopard gecko bites you.
You closely miss the leopard gecko. Your bite misses the leopard gecko.
The leopard gecko barely misses you.
You scratch the leopard gecko but do no damage.
Your headbutt misses the leopard gecko. The leopard gecko bites you.
* * * LOW HITPOINT WARNING * * *
You miss the leopard gecko. The leopard gecko closely misses you.
Your horns disappear.
You see here a rat skeleton.
You miss the leopard gecko. The leopard gecko misses you.
You barely miss the leopard gecko. The leopard gecko bites you.
You die...

#.#...#.#*.....,,,* #
#.###÷#.#**##.#**** #
#.# #.#.# *,# #
#.###.#.## ##+## #
#........###...## #
#.###.##.##.....## ##
#.#.#.##.#.......## ##.
#.....##.......÷..####..
#.....l@.......)..'.....
#....###..........####..
#...####.#.......## ##.
#........##.....## ##
##.#########...## #.#
##'## #.# #.# #.#
#.########## #.#
##.#.........


You could see a leopard gecko.

Vanquished Creatures
  2 oozes (D:1)
  2 goblins (D:1)
  A hobgoblin (D:1)
  2 bats (D:1)
  A kobold (D:1)
  2 rats (D:1)
10 creatures vanquished.

Notes
Turn   | Place    | Note
-------+----------+-------------------------------------------
     0 | D:1      | digijack the Felid Transmuter began the quest for the Orb.
     0 | D:1      | Reached XP level 1. HP: 9/9 MP: 4/4
   182 | D:1      | Reached XP level 2. HP: 12/12 MP: 4/6
   543 | D:1      | Slain by a leopard gecko

Skill      XL: |  1 |
---------------+----+-----
Dodging        | 3 |  3.1
Fighting       | |  1.2
Stealth        | |  0.4
Unarmed Combat | |  3.3
Spellcasting   | |  2.1
Transmutations | |  2.4

Action                   || total
-------------------------++-------
Melee: Unarmed           ||    26
       Headbutt          ||     4
       Bite              ||     2
 Cast: Beastly Appendage ||     6
  Use: Scroll            ||     2
  Eat: Chunk             ||     5
Armor: Skin              ||     3
Dodge: Dodged            ||    10
